cohdb
Replays
Latest Replays
All Replays
Popular Replays
Top Player Replays
Match Explorer
How It Works
Community
CoH3 Stats
Reddit
Sign in to upload your games and track your stats! →
Sign in with Steam
Match 47257543
Unlisted
Match 47257543
Overview
Messages
Build Orders
End
Kradschützen Motorcycle Team
Panzergrenadier Squad
Selects Armored Support Battlegroup
Panzergrenadier Squad
Construct Light Support Kompanie
MG34 Team
Fire Support Elements
Selects Superior Fire Drills
Selects Salvage Kits
Flakvierling Half-track
Panzerjäger Mechanized Group
2.5-tonne Medical Truck
Vehicle Survival Package
Veteran Squad Leaders
Construct Panzerarmee Kommand
Rapid Advance
Panzer III L Medium Tank
Armored Reserves
Tungsten Core Ammunition
Emergency Repair Kits
Flak 36 Anti-tank Gun Team
Selects Panzer Storm
Selects Stuka Anti-tank Loiter
Panzergrenadier Squad
[PD]Folscher
Semmelweis
Edgar✪
Haxpetten
0
0
Comments
sign in to comment!
No comments posted yet!